 Dungeon Crawl Stone Soup version 0.31.0-32-g396128a36d (webtiles) character file.

Game seed: 3952940183015472199

19 TacoSundae the Trooper (level 2, -2/25 HPs)
             Began as a Barachi Berserker on Apr 19, 2024.
             Was a Follower of Trog.
             Killed by nerve-wracking pain
             ... invoked by Jessica
              (14 damage)
             ... on level 2 of the Dungeon.
             The game lasted 00:01:23 (1018 turns).

TacoSundae the Trooper (Barachi Berserker)          Turns: 1018, Time: 00:01:26

Health: -2/25      AC:  3    Str: 18    XL:     2   Next: 75%
Magic:  2/2        EV: 12    Int:  7    God:    Trog [*.....]
Gold:   99         SH:  0    Dex: 17    Spells: 1/1 levels left

rFire   . . .        a - +0 hand axe
rCold   . . .        (no shield)
rNeg    . . .        d - +0 leather armour
rPois   .            (no helmet)
rElec   .            (no cloak)
rCorr   .            (no gloves)
SInv    .            (no boots)
Will    .....        (no amulet)
Stlth   +            i - +6 ring of dexterity
HPRegen 0.24/turn    (no ring)
MPRegen 0.08/turn

%: no passive effects
@: slowed, very slow
A: amphibious, slowness 1, strong legs 1, +LOS
a: Hop, Renounce Religion, Berserk


You were on level 2 of the Dungeon.
You worshipped Trog.
Trog was aware of your devotion.
You visited 1 branch of the dungeon, and saw 2 of its levels.

You collected 99 gold pieces.

Inventory:

Hand Weapons
 a - a +0 hand axe (weapon)
Armour
 b - a +0 animal skin
 d - a +0 leather armour (worn)
Jewellery
 i - a +6 ring of dexterity (left hand)
 l - a ring of fire
Scrolls
 e - a scroll of fear {unknown}
 f - 2 scrolls of identify {unknown}
 h - 2 scrolls of enchant weapon {unknown}
 m - a scroll of noise {unknown}
Potions
 c - a potion of curing {unknown}
 g - a potion of enlightenment {unknown}
 j - 2 potions of degeneration {unknown}
 k - a potion of heal wounds {unknown}
 n - 2 potions of cancellation {unknown}
 o - a potion of might {unknown}


   Skills:
 + Level 4.0 Fighting
 * Level 3.6 Axes
 + Level 2.8 Armour
 - Level 2.4 Dodging


You had one spell level left.
You didn't know any spells.
Your spell library was empty.

Dungeon Overview and Level Annotations

Branches:
Dungeon (2/15)

Altars:

Annotations:
D:2 Jessica


Innate Abilities, Weirdness & Mutations

You are amphibious.
You cover ground slowly.
You can hop short distances.
You have an extended range of vision and can be seen from far away.


Message History

No target in view!
No target in view!
You see here 7 stones.
Found a robe.
No target in view!
No target in view!
No target in view!
No target in view!
No target in view!
No target in view!
No target in view!
Found a blade talisman.
No target in view!
No target in view!
n - 2 amethyst potions
o - an emerald potion Jessica the Apprentice Sorceress comes into view.
She is wielding a +0 dagger and wearing a +2 robe of willpower.
Jessica shouts!
You barely miss Jessica. Jessica hits you with a +0 dagger.
You hit Jessica.
Jessica is moderately wounded.
Jessica casts a spell at you.
You feel yourself slow down.
You closely miss Jessica.
Jessica is moderately wounded.
Jessica hits you with a +0 dagger. Jessica barely misses you.
You barely miss Jessica.
Jessica is moderately wounded.
Jessica hits you with a +0 dagger. Jessica barely misses you.
You hit Jessica.
Jessica is moderately wounded.
Jessica barely misses you.
You barely miss Jessica.
Jessica is moderately wounded.
Jessica points at you and mumbles some strange words.
Pain shoots through your body! Jessica casts a spell at you.
Pain shoots through your body!
Ouch! That really hurt!
You die...

### #!.
#.# # ...
#.#.#
#.#.##
#$@@.#
#.#..# #
#.##.##.#
#.......#
####.####
#.# #.#
#.# #.#


You could see Jessica.

Vanquished Creatures
  A dart slug (D:1)
  3 goblins (D:2)
  2 hobgoblins (D:2)
  A quokka (D:2)
  3 ball pythons (D:1)
  3 frilled lizards
  2 kobolds (D:2)
  A rat (D:1)
16 creatures vanquished.

Notes
Turn   | Place    | Note
-------+----------+-------------------------------------------
     0 | D:1      | TacoSundae the Barachi Berserker began the quest for the
                  | Orb.
     0 | D:1      | Reached XP level 1. HP: 18/18 MP: 1/1
   317 | D:1      | Reached XP level 2. HP: 19/25 MP: 2/2
   856 | D:2      | Reached skill level 4 in Fighting
   901 | D:2      | Identified the +1 ring mail of Sunlight {rN++ Str+4 Int-2}
  1012 | D:2      | Noticed Jessica
  1018 | D:2      | Killed from afar by Jessica

Illustrated notes

Levels and vault maps discovered:
D:1:      dpeg_arrival_long_road, layout_basic
D:2:      layout_loops_cross, uniq_sigmund, uniq_jessica

Skill      XL: |  1  2 |
---------------+-------+-----
Fighting       | 4 |  4.0
Axes           | |  3.6
Armour         | |  2.8
Dodging        | |  2.4

Action                     || total
---------------------------++-------
  Melee: Hand axe          ||    53
         Punch             ||     1
 Armour: Animal skin       ||     7
         Leather armour    ||    20
  Dodge: Dodged            ||    26
